 Dungeon Crawl Stone Soup version 0.18-a0-1293-g5a2c81a (webtiles) character file.

163 ololoev the Magician (level 5, -7/28 HPs)
             Began as a Deep Elf Fire Elementalist on Feb 10, 2016.
             Mangled by Blork the orc
             ... wielding a cursed +0 halberd
              (11 damage)
             ... on level 4 of the Dungeon.
             The game lasted 00:08:45 (1003 turns).

ololoev the Magician (Deep Elf Fire Elementalist)   Turns: 1003, Time: 00:08:46

Health: -7/28      AC:  3    Str:  5    XL:     5   Next: 20%
Magic:  3/13       EV: 13    Int: 21    God:
Gold:   86         SH:  0    Dex: 15    Spells: 4 memorised, 2 levels left

rFire  . . .     SeeInvis .     j - +0 spear
rCold  . . .     Gourm    .     a - +0 robe
rNeg   . . .     Faith    .     (no shield)
rPois  .         Spirit   .     (no helmet)
rElec  .         Dismiss  .     (no cloak)
rCorr  .         Reflect  .     (no gloves)
SustAt .         Harm     .     n - +0 pair of boots
MR     .....                    (no amulet)
Stlth  ++........               (no ring)
                                (no ring)

@: very slightly contaminated, not resistant to hostile enchantments, unstealthy
A: no striking features
a: no special abilities

Inventory:

Hand Weapons
 j - a +0 spear (weapon)
Armour
 a - a +0 robe (worn)
 n - a +0 pair of boots (worn)
Scrolls
 d - 4 scrolls of identify {unknown}
 g - a scroll of random uselessness {unknown}
 i - a scroll of fog {unknown}
 k - 2 scrolls of enchant armour {unknown}
 m - a scroll of blinking {unknown}
 o - 3 scrolls of fear {unknown}
 p - a scroll of teleportation {unknown}
 t - 2 scrolls of remove curse {unknown}
Potions
 e - a potion of lignification {unknown}
 f - a potion of heal wounds {unknown}
 h - a potion of brilliance {unknown}
 l - a potion of magic {unknown}
 q - a potion of ambrosia {unknown}
 s - 2 potions of curing {unknown}
 u - a potion of berserk rage {unknown}
Books
 b - a book of Flames

   Spells                             Type                      Level
   a - Flame Tongue                   Conjuration/Fire             1
   b - Throw Flame                    Conjuration/Fire             2
   c - Conjure Flame                  Conjuration/Fire             3
   d - Inner Flame                    Hexes/Fire                   3
   e - Sticky Flame                   Conjuration/Fire             4
   f - Fireball                       Conjuration/Fire             5
Comestibles
 c - 3 bread rations
 r - a slice of pizza


   Skills:
 - Level 2.4 Dodging
 - Level 2.4 Stealth
 + Level 4.5 Spellcasting
 * Level 4.2 Conjurations
 + Level 4.0 Fire Magic


You had 2 spell levels left.
You knew the following spells:

 Your Spells              Type           Power        Failure   Level  Hunger
a - Flame Tongue          Conj/Fire      ###..        1%          1    None
b - Conjure Flame         Conj/Fire      ###.....     10%         3    ##.....
c - Sticky Flame          Conj/Fire      ###.....     24%         4    ####...
e - Inner Flame           Hex/Fire       ##......     17%         3    ##.....


You were on level 4 of the Dungeon.
You were hungry.

You visited 1 branch of the dungeon, and saw 4 of its levels.

You collected 86 gold pieces.

#.# #.#.#
#.#.# #.#.#
#.#.# #.#.#
#.#.####
#o#....#
#@###.##
#s##.....#
#........#
#######.##
..........#
###########

Notes
Turn   | Place    | Note
--------------------------------------------------------------
     0 | D:1      | ololoev the Deep Elf Fire Elementalist began the quest for the Orb.
     0 | D:1      | Reached XP level 1. HP: 10/10 MP: 6/6
   123 | D:1      | Reached XP level 2. HP: 15/15 MP: 6/8
   258 | D:2      | Reached XP level 3. HP: 11/19 MP: 1/10
   263 | D:2      | Learned a level 3 spell: Conjure Flame
   267 | D:2      | Learned a level 3 spell: Inner Flame
   466 | D:2      | Noticed Jessica
   477 | D:2      | Killed Jessica
   554 | D:2      | Found a basalt altar of Yredelemnul.
   554 | D:2      | Found a shadowy altar of Dithmenos.
   633 | D:3      | Reached skill level 4 in Spellcasting
   633 | D:3      | Reached XP level 4. HP: 24/24 MP: 10/12
   671 | D:3      | Learned a level 4 spell: Sticky Flame
   769 | D:4      | Noticed Natasha
   777 | D:4      | Killed Natasha
   777 | D:4      | Reached XP level 5. HP: 14/28 MP: 0/13
   998 | D:4      | Noticed Blork the orc
  1003 | D:4      | Mangled by Blork the orc

Dungeon Overview and Level Annotations

Branches:
Dungeon (4/15)
 Temple: D:4-7

Altars:
Dithmenos
Yredelemnul

Annotations:
D:4 Blork the orc


Message History

Here: Blork the orc, wielding a halberd and wearing a robe The floor.
Evoke which item? (* to show all) (? for menu, Esc to quit)
Okay, then.
Casting: Flame Tongue
Confirm with . or Enter, or press ? or * to list all spells.
Aiming: Flame Tongue
Press: ? - help, Shift-Dir - straight line, f - Blork the orc
Aim: Blork the orc, wielding a halberd and wearing a robe The flame tongue misses Blork the orc.
Casting: Flame Tongue
Confirm with . or Enter, or press ? or * to list all spells.
Aiming: Flame Tongue
Press: ? - help, Shift-Dir - straight line, f/p - Blork the orc
Aim: Blork the orc, wielding a halberd and wearing a robe You miscast Flame Tongue.
You are very lightly contaminated with residual magic.
Nothing appears to happen.
Blork the orc misses you.
Casting: Flame Tongue
Confirm with . or Enter, or press ? or * to list all spells.
Aiming: Sticky Flame
Press: ? - help, Shift-Dir - straight line, f/p - Blork the orc
Aim: Blork the orc, wielding a halberd and wearing a robe You miscast Sticky Flame.
The air around you crackles with energy!
You are feeling hungry.
Blork the orc hits you with a halberd!
Casting: Sticky Flame
Confirm with . or Enter, or press ? or * to list all spells.
Aiming: Sticky Flame
Press: ? - help, Shift-Dir - straight line, f/p - Blork the orc
Aim: Blork the orc, wielding a halberd and wearing a robe The sticky flame hits Blork the orc.
Blork the orc is lightly wounded.
Blork the orc is covered in liquid flames!
Blork the orc burns!
Blork the orc suddenly cheers.
Blork the orc hits you with a halberd!
You die...

You could see Blork the orc (burning).

Vanquished Creatures
  A hound (D:4)
  Jessica (D:2)
  Natasha (D:4)
  An adder (D:3)
  2 oozes
  3 worms
  4 giant geckos
  An orc (D:3)
  2 ball pythons (D:1)
  3 bats
  4 giant cockroaches
  7 goblins
  6 hobgoblins
  3 jackals
  A kobold (D:2)
  2 quokkas (D:3)
  3 giant newts
  7 rats
52 creatures vanquished.

Action                   |  1- 3 |  4- 6 || total
-------------------------+-------+-------++-------
Melee: Unarmed           |     3 |       ||     3
       Spear             |       |    21 ||    21
Throw: Javelin           |    23 |     5 ||    28
       Throwing net      |     2 |     1 ||     3
 Cast: Flame Tongue      |    35 |    42 ||    77
       Sticky Flame      |       |     2 ||     2
 Stab: Held in net/web   |     1 |       ||     1
       Sleeping          |       |     1 ||     1

Vault maps used:
D:1:      minmay_arrival_radiant_lines
D:2:      gammafunk_temple_overflow_elements, kennysheep_small_spiral,
          uniq_jessica
D:3:      first_bread
D:4:      serial_shops, nicolae_shop_window_shopping, uniq_duvessa,
          uniq_natasha, uniq_menkaure, uniq_blork_the_orc
